 Dungeon Crawl Stone Soup version 0.25.0-11-g1f837a7 (webtiles) character file.

Game seed: 4580568079435450210

65 shmeve the Shield-Bearer (level 3, 31/31 HPs)
             Began as a Demigod Fighter on June 24, 2020.
             Quit the game on level 2 of the Dungeon.
             The game lasted 00:03:22 (1060 turns).

shmeve the Shield-Bearer (Demigod Fighter)          Turns: 1060, Time: 00:03:22

Health: 31/31      AC:  9    Str: 21    XL:     3   Next: 67%
Magic:  5/5        EV:  5    Int: 12    God:
Gold:   72         SH:  9    Dex: 15    Spells: 2/2 levels left

rFire    . . .     SeeInvis .   a - +0 war axe
rCold    . . .     Gourm    .   c - +0 kite shield
rNeg     . . .     Faith    .   l - +0 chain mail
rPois    .         Spirit   .   (no helmet)
rElec    .         Reflect  .   (no cloak)
rCorr    .         Harm     .   (no gloves)
MR       .....                  (no boots)
Stlth    ..........             (no amulet)
HPRegen  0.10/turn              (no ring)
MPRegen  0.09/turn              (no ring)

@: no status effects
A: high mp 1
a: no special abilities


You were on level 2 of the Dungeon.
You were not hungry.

You visited 1 branch of the dungeon, and saw 2 of its levels.

You collected 72 gold pieces.

Inventory:

Hand Weapons
 a - a +0 war axe (weapon)
Missiles
 i - 7 poisoned darts (quivered)
Armour
 c - a +0 kite shield (worn)
 l - a +0 chain mail (worn)
Scrolls
 b - a scroll of immolation {unknown}
 e - 2 scrolls of identify {unknown}
 j - 2 scrolls of remove curse {unknown}
 k - a scroll of fear {unknown}
 n - a scroll of teleportation {unknown}
 o - 3 scrolls of noise {unknown}
Potions
 d - a potion of might
 h - 3 potions of lignification {unknown}
 m - 2 potions of curing {unknown}
Comestibles
 f - a ration
 g - 6 chunks of flesh


   Skills:
 * Level 3.2 Fighting
 * Level 2.4 Axes
 + Level 0.7 Throwing
 + Level 2.9 Armour
 * Level 3.2 Shields


You had 2 spell levels left.
You didn't know any spells.
Your spell library was empty.

Dungeon Overview and Level Annotations

Branches:
Dungeon (2/15)


Innate Abilities, Weirdness & Mutations

You have an increased reservoir of magic. (+10% MP)


Message History

You see here a bat skeleton.
Eating one of 6 chunks of flesh.
You eat one of the 6 chunks of flesh.
This raw flesh tastes terrible.
A bat comes into view.
You block the bat's attack.
Your shield and chain mail prevent you from hitting the bat.
The bat barely misses you.
You closely miss the bat. The bat closely misses you.
You block the bat's attack.
You hit the bat.
You kill the bat!
You see here a bat corpse.
There isn't anything here!
You see here a bat corpse.
You butcher the bat corpse.
g - 6 chunks of flesh (gained 1)
You see here a bat skeleton.
A bat comes into view.
A bat is nearby!
Are you sure you want to abandon this character and quit the game? (Confirm with "yes".)

............ .............
....... ...>.....[.... .......
............... .......
..............###.......
....................b...
.)......................
........................
................@.......
.....................###
..........#..........#####
...........................
.(...####.................#.##
.....# #..รท.................#
.....####....................#
......................^......#
.......####..................#


You could see a bat.

Vanquished Creatures
  2 adders (D:2)
  2 dart slugs (D:1)
  2 leopard geckos (D:2)
  3 giant cockroaches
  4 hobgoblins
  2 jackals (D:2)
  A quokka (D:2)
  11 bats
  2 frilled lizards (D:1)
  3 goblins
  6 kobolds
  3 rats
41 creatures vanquished.

Notes
Turn   | Place    | Note
-------+----------+-------------------------------------------
     0 | D:1      | shmeve the Demigod Fighter began the quest for the Orb.
     0 | D:1      | Reached XP level 1. HP: 18/18 MP: 3/3
   204 | D:1      | Reached XP level 2. HP: 25/25 MP: 4/4
   597 | D:2      | Reached XP level 3. HP: 10/31 MP: 5/5
  1060 | D:2      | Quit the game

Illustrated notes

Levels and vault maps discovered:
D:1:      wander_arrival_lonely_grave, layout_basic
D:2:      layout_basic, nicolae_ru_sacrificial_ziggurat

Skill      XL: |  1  2 |
---------------+-------+-----
Axes           | 2 |  2.4
Shields        | 3 |  3.2
Fighting       | 3 |  3.2
Throwing       | |  0.7
Armour         | |  2.9

Action                   || total
-------------------------++-------
Melee: War axe           ||    95
Throw: Dart              ||     3
  Eat: Chunk             ||     1
Armor: Scale mail        ||    21
       Chain mail        ||    56
Dodge: Dodged            ||    46
Block: Kite shield       ||    68
